 Dungeon Crawl Stone Soup version 0.27-a0-216-g1fbed8a51c (webtiles) character file.

Game seed: 13905710529908972520

9074 wakim the Thaumaturge (level 11, -2/63 HPs)
             Began as a Deep Elf Conjurer on Jan 31, 2021.
             Was a Believer of Sif Muna.
             Slain by a death yak (16 damage)
             ... on level 10 of the Dungeon.
             The game lasted 00:38:31 (9892 turns).

wakim the Thaumaturge (Deep Elf Conjurer)           Turns: 9892, Time: 00:38:31

Health: -2/63      AC: 15    Str:  7    XL:     11   Next: 18%
Magic:  21/27      EV: 17    Int: 24    God:    Sif Muna [**....]
Gold:   713        SH:  5    Dex: 13    Spells: 19/30 levels left

rFire    + . .     SeeInvis .   b - staff of conjuration
rCold    x . .     Faith    .   I - +0 buckler
rNeg     + . .     Spirit   .   J - +0 swamp dragon scales
rPois    +         Reflect  .   w - +1 helmet of the Original Sin {rF+ rC- rN+}
rElec    .         Harm     .   o - +1 cloak
rCorr    .         Rampage  .   (no gloves)
Will     +....                  r - +2 pair of boots
Stlth    +.........             u - amulet of magic regeneration
HPRegen  0.20/turn              t - +4 ring of evasion
MPRegen  0.45/turn              (no ring)

@: very slightly contaminated
A: no striking features
a: Renounce Religion, Channel Magic


You were on level 10 of the Dungeon.
You worshipped Sif Muna.
Sif Muna was pleased with you.
You visited 2 branches of the dungeon, and saw 12 of its levels.

You collected 713 gold pieces.

Inventory:

Hand Weapons
 a - the +8 dagger of the Beast {flame, MP+9 Int+4 Dex+5}
   (You took it off an orc on level 5 of the Dungeon)

   It has been specially enchanted to burn those struck by it, causing extra
   injury to most foes and up to half again as much damage against particularly
   susceptible opponents.
   It affects your intelligence (+4).
   It affects your dexterity (+5).
   It affects your magic capacity (+9).
Missiles
 v - a throwing net
Armour
 o - a +1 cloak (worn)
 r - a +2 pair of boots (worn)
 w - the +1 helmet of the Original Sin (worn) {rF+ rC- rN+}
   (You found it on level 4 of the Dungeon)

   It protects you from fire.
   It makes you vulnerable to cold.
   It protects you from negative energy.
 I - a +0 buckler (worn)
 J - +0 swamp dragon scales (worn)
Magical Staves
 b - an uncursed staff of conjuration (weapon)
 D - an uncursed staff of air
Jewellery
 k - an uncursed amulet of guardian spirit
 t - a +4 ring of evasion (left hand)
 u - an amulet of magic regeneration (around neck)
Wands
 g - a wand of iceblast (14)
 j - a wand of acid (11)
 B - a wand of flame (55)
Scrolls
 c - 4 scrolls of teleportation
 e - 2 scrolls of identify
 h - a scroll of blinking
 m - 6 scrolls of enchant weapon
 p - 3 scrolls of fear
 q - 5 scrolls of magic mapping
 A - 3 scrolls of fog
 C - 2 scrolls of remove curse
Potions
 d - 4 potions of brilliance
 f - 4 potions of heal wounds
 i - 7 potions of curing
 l - 3 potions of might
 n - a potion of haste {unknown}
 s - a potion of resistance {unknown}
 x - 2 potions of magic
 z - 3 potions of lignification {unknown}
 E - 2 potions of flight {unknown}


   Skills:
 - Level 5.0 Fighting
 * Level 3.8 Armour
 - Level 7.7 Dodging
 - Level 2.4 Stealth
 - Level 4.0 Shields
 + Level 10.0 Spellcasting
 + Level 8.2 Conjurations
 - Level 6.0 Hexes
 + Level 5.7 Translocations
 - Level 6.1 Invocations
 - Level 1.8 Evocations


You had 19 spell levels left.
You knew the following spells:

 Your Spells              Type           Power        Failure   Level
a - Magic Dart            Conj           100%         1%          1
b - Searing Ray           Conj           100%         1%          2
c - Fulminant Prism       Conj/Hex       31%          9%          4
d - Iskenderun's Mystic   Conj/Tloc      62%          10%         4

Your spell library contained the following spells:

 Spells                   Type           Power        Failure   Level
 Dazzling Flash           Conj/Hex       100%         2%          3


Dungeon Overview and Level Annotations

Branches:
Dungeon (11/15)            Temple (1/1) D:6             Orc (0/2) D:11
   Lair: D:8-11

Altars:
Ashenzari
Cheibriados
Kikubaaqudgha
Qazlal
Ru
Sif Muna
Uskayaw
Xom
The Shining One

Shops:
D:5 *   D:7 ?


Message History

You feel a surge of power!
You miscast Iskenderun's Mystic Blast.
You are very lightly contaminated with residual magic.
Nothing appears to happen.
The death yak gores you. The death yak closely misses you.
The death yak snorts and paws the ground.
The death yak gores you!
* * * LOW HITPOINT WARNING * * *
The death yak gores you!
* * * LOW HITPOINT WARNING * * *
You climb upwards.
There is a stone staircase leading down here.
Casting: Iskenderun's Mystic Blast (dangerous; 10% risk of failure)
Confirm with . or Enter, or press ? or * to list all spells.
You feel a surge of power!
You erupt in a blast of force!
The mystic blast hits the death yak but does no damage.
The mystic blast hits the death yak!!
The death yak is moderately wounded.
The death yak is knocked back by the mystic blast.
The death yak gores you!
You die...

#.##.# #...# #.##.#.##.# #.##.#
#...####.##......# #.##.#
#.....)...###.##.# ####
#.##.######....##..........# #...
#.##.................##.##.###...
.....................##.##.......
#.###................##..#.###...
..# #######....##....###)#.# #...
..# #...Y.@Y...###.#.###### ..#
#...######.......#..... ..#
##...## #####.###.#### ..#
##.###.#########.###.####
#.#######.####...##.............#
.....##...###.###.#.#####.##.##.#
.###.##.#.##.## ##........##.##.#
.# #.......#.# #.....##.##.....
.###.##.##...## ##..##.##.#######


You could see 2 death yaks.

Vanquished Creatures
  2 two-headed ogres (D:10)
  Urug (D:11)
  A death yak (D:10)
  2 unseen horrors (D:7)
  Pikel (D:5)
  A deep elf pyromancer (D:11)
  Joseph (D:10)
  Maggie (D:10)
  A troll (D:10)
  2 wyverns
  A black bear (D:10)
  A phantom (D:5)
  2 sky beasts
  2 orc warriors
  3 ogres
  3 centaurs
  4 lemures
  A big kobold (D:10)
  8 bullfrogs
  A wyvern zombie (D:9)
  A gnoll sergeant (D:11)
  3 scorpions
  6 killer bees (D:10)
  3 bullfrog zombies
  A quasit (D:8)
  2 bullfrog skeletons
  2 hounds
  8 orc priests
  4 iguanas
  3 jellies
  9 orc wizards
  6 worker ants
  2 hell rats (D:11)
  A killer bee zombie (D:8)
  A howler monkey zombie (D:6)
  A worker ant zombie (D:8)
  7 gnolls
  A howler monkey skeleton (D:6)
  2 river rats (D:11)
  10 adders
  2 shadow imps
  A white imp (D:6)
  An ufetubus (D:6)
  3 adder zombies
  3 worms (D:2)
  2 adder skeletons (D:4)
  2 dart slugs (D:1)
  3 leopard geckos
  26 orcs
  4 giant cockroaches
  7 goblins
  4 hobgoblins
  4 jackals
  5 quokkas
  6 bats
  8 frilled lizards
  7 kobolds
  2 leopard gecko skeletons (D:5)
  2 quokka skeletons
  5 rats
209 creatures vanquished.

Vanquished Creatures (others)
  31 fulminant prisms
31 creatures vanquished.

Grand Total: 240 creatures vanquished

Notes
Turn   | Place    | Note
-------+----------+-------------------------------------------
     0 | D:1      | wakim the Deep Elf Conjurer began the quest for the Orb.
     0 | D:1      | Reached XP level 1. HP: 10/10 MP: 6/6
   240 | D:1      | Reached XP level 2. HP: 15/15 MP: 6/8
   243 | D:1      | Learned a level 2 spell: Searing Ray
   492 | D:1      | Reached skill level 5 in Conjurations
  1002 | D:2      | Reached XP level 3. HP: 19/19 MP: 6/10
  1022 | D:2      | Noticed an ogre
  1035 | D:2      | Killed an ogre
  1036 | D:2      | Reached skill level 4 in Spellcasting
  1036 | D:2      | Reached XP level 4. HP: 24/24 MP: 4/12
  1098 | D:2      | Learned a level 4 spell: Fulminant Prism
  1103 | D:2      | Learned a level 4 spell: Iskenderun's Mystic Blast
  1336 | D:2      | Reached XP level 5. HP: 28/28 MP: 8/14
  1655 | D:2      | Reached skill level 5 in Spellcasting
  2055 | D:3      | Found a glowing golden altar of the Shining One.
  2964 | D:4      | Reached skill level 1 in Hexes
  3099 | D:4      | Reached skill level 1 in Translocations
  3099 | D:4      | Reached XP level 6. HP: 32/32 MP: 1/16
  3298 | D:4      | Got a faintly glowing helmet
  3345 | D:3      | Identified the +1 helmet of the Original Sin {rF+ rC- rN+}
                  | (You found it on level 4 of the Dungeon)
  3375 | D:4      | Reached skill level 6 in Spellcasting
  3867 | D:5      | Entered Level 5 of the Dungeon
  3872 | D:5      | Noticed Pikel
  4148 | D:5      | Reached XP level 7. HP: 35/36 MP: 1/18
  4150 | D:5      | Identified the +8 dagger of the Beast {flame, MP+9 Int+4
                  | Dex+5}
  4382 | D:5      | Killed Pikel
  4383 | D:5      | Reached skill level 8 in Spellcasting
  4383 | D:5      | Reached XP level 8. HP: 38/41 MP: 13/22
  4391 | D:5      | Reached skill level 9 in Spellcasting
  4624 | D:5      | Found Suanol's Assorted Antiques.
  4967 | D:6      | Found a staircase to the Ecumenical Temple.
  4976 | Temple   | Entered the Ecumenical Temple
  4983 | Temple   | Became a worshipper of Sif Muna the Loreminder
  5169 | D:6      | Noticed a -3 hand axe
  5170 | D:6      | Found a hide-covered altar of Uskayaw.
  5170 | D:6      | Noticed a +0 dagger
  5664 | D:7      | Reached skill level 1 in Invocations
  5690 | D:7      | Killed an unseen horror
  5691 | D:7      | Reached skill level 10 in Spellcasting
  5694 | D:7      | Reached XP level 9. HP: 30/49 MP: 9/25
  5951 | D:7      | Found Giziape's Magic Scroll Shop.
  5958 | D:7      | Reached skill level 5 in Dodging
  6498 | D:7      | Reached * piety under Sif Muna
  6934 | D:7      | Killed an unseen horror
  6935 | D:7      | Reached skill level 5 in Invocations
  7394 | D:8      | Reached XP level 10. HP: 48/58 MP: 18/26
  7982 | D:9      | Reached skill level 5 in Fighting
  8040 | D:9      | Reached skill level 1 in Evocations
  8169 | D:9      | Reached ** piety under Sif Muna
  8346 | D:10     | Entered Level 10 of the Dungeon
  8444 | D:10     | Noticed Maggie
  8512 | D:10     | Killed Maggie
  8513 | D:10     | Reached skill level 1 in Shields
  8586 | D:10     | Reached skill level 1 in Armour
  8787 | D:10     | Noticed a two-headed ogre
  8799 | D:10     | Killed a two-headed ogre
  8800 | D:10     | Reached skill level 5 in Hexes
  8861 | D:10     | Noticed a two-headed ogre
  8873 | D:10     | Killed a two-headed ogre
  8874 | D:10     | Reached skill level 5 in Translocations
  8879 | D:10     | Noticed Joseph
  8895 | D:11     | Noticed a deep elf pyromancer
  8970 | D:10     | Killed Joseph
  9465 | D:11     | Noticed Urug
  9472 | D:11     | Killed Urug
  9473 | D:11     | Reached XP level 11. HP: 63/63 MP: 14/27
  9492 | D:11     | Killed a deep elf pyromancer
  9610 | D:11     | Noticed a death yak
  9619 | D:11     | Noticed a death yak
  9620 | D:11     | Noticed a death yak
  9796 | D:11     | Found a staircase to the Orcish Mines.
  9847 | D:10     | Killed a death yak
  9892 | D:10     | Slain by a death yak

Illustrated notes

Levels and vault maps discovered:
D:1:      lightli_molten_gateway, layout_basic, glass_columns_b
D:2:      layout_basic
D:3:      layout_basic, tso_altar
D:4:      layout_cave_pods
D:5:      layout_loops_ring, serial_shops, nicolae_shop_crystal, uniq_pikel
D:6:      layout_loops_ring, dancing_weapons_uskayaw, minmay_temple_entry_mist
D:7:      layout_basic, serial_shops, shop, minivault_22
D:8:      layout_cave_pools
D:9:      layout_rooms
D:10:     layout_loops_cross, uniq_joseph, uniq_maggie
D:11:     layout_long_grid, dpeg_lair_monsters, orc_0_dummy,
          hellmonk_ghost_happy_afterlife, uniq_urug
Temple:   nicolae_temple_the_god_donut

Skill      XL: |  1  2  3  4  5  6  7  8  9 10 11 |
---------------+----------------------------------+-----
Conjurations   | 5 6 7 8 |  8.2
Spellcasting   | 4 5 6 8 10 | 10.0
Hexes          | 1 2 4 5 6 |  6.0
Translocations | 1 2 4 5 |  5.7
Dodging        | 4 7 |  7.7
Invocations    | 3 6 |  6.1
Fighting       | 2 4 5 |  5.0
Evocations     | 1 |  1.8
Shields        | 3 4 |  4.0
Armour         | 3 |  3.8
Stealth        | |  2.4

Action                   |  1- 3 |  4- 6 |  7- 9 | 10-12 || total
-------------------------+-------+-------+-------+-------++-------
Melee: Dagger            |     5 |       |    11 |       ||    16
       Staff             |       |     3 |     3 |     5 ||    11
 Cast: Magic Dart        |    43 |    39 |     9 |    10 ||   101
       Searing Ray       |     1 |    31 |    33 |    42 ||   107
       Fulminant Prism   |       |     4 |    11 |    16 ||    31
       Iskenderun's Myst |       |       |    14 |    16 ||    30
Evoke: Wand              |       |       |       |     3 ||     3
  Use: Scroll            |       |     1 |    15 |     8 ||    24
 Stab: Sleeping          |       |     1 |     1 |       ||     2
Armor: Robe              |     2 |     3 |    25 |     2 ||    32
       Swamp dragon scal |       |       |       |    12 ||    12
Dodge: Dodged            |     4 |     7 |    48 |    40 ||    99
Block: Buckler           |       |       |       |     7 ||     7

Table legend: (Time is in decaauts)
 A = Elapsed time spent in this place.
 B = Non-inter-level travel time spent in this place.
 C = Inter-level travel time spent in this place.
 D = Time resting spent in this place.
 E = Time spent auto-exploring this place.
 F = Levels seen in this place.
 G = Mean time per level.
                   A        B        C        D        E       F      G
               +--------+--------+--------+--------+--------+-----+--------+
         Total |   9901 |   9478 |    423 |   2495 |   5285 |  12 |  825.1 |
       Dungeon |   9889 |   9466 |    423 |   2495 |   5284 |  11 |  899.0 |
        Temple |     12 |     12 |      0 |      0 |      1 |   1 |   12.0 |
               +--------+--------+--------+--------+--------+-----+--------+

Top non-repeatable levels by time:
    D:10: 1265 daAuts
     D:7: 1235 daAuts
     D:4: 1066 daAuts
     D:2: 1036 daAuts
     D:3: 962 daAuts
     D:5: 959 daAuts
     D:1: 910 daAuts
     D:6: 894 daAuts
     D:8: 696 daAuts
     D:9: 579 daAuts
    D:11: 283 daAuts
  Temple: 12 daAuts
